 Dungeon Crawl Stone Soup version 0.30-a0-1016-gfb0d676c02 (webtiles) character file.

Game seed: 16645603894392094680

1910169 bakla the Warmonger (level 25, 280/280 HPs)
             Began as a Demonspawn Gladiator on Apr 5, 2023.
             Was a High Priest of Okawaru.
             Escaped with the Orb
             ... and 3 runes on Apr 6, 2023!
             The game lasted 02:05:07 (51507 turns).

bakla the Warmonger (Demonspawn Gladiator)         Turns: 51507, Time: 02:05:07

Health: 280/280    AC: 43    Str: 35    XL:     25   Next: 26%
Magic:  38/38      EV: 21    Int:  3    God:    Okawaru [*****.]
Gold:   1144       SH:  0    Dex: 22    Spells: 22/24 levels left

rFire   + + .      SeeInvis .    x - +9 broad axe (vamp)
rCold   + + .      Faith    .    (no shield)
rNeg    + . .      Spirit   +    O - +12 gold dragon scales
rPois   +          Reflect  .    c - +0 hat of the Everdark {+Inv Str+3 Stlth+}
rElec   .          Rampage  +    j - scarf "Ixzomnyb" {rC+ rF+, Rampage Regen+ Int-2}
rCorr   .                        (gloves unavailable)
Will    +++..                    y - +2 pair of boots "Ypsorr" {rN+ Str+3 Int-4 Dex+3} Stlth
                                 Y - amulet of Cosch {Will+ Regen+ Dex+2 Stlth+}
HPRegen 2.26/turn                q - +6 ring of strength
MPRegen 0.52/turn                l - ring of Xohoith {Will+ Str+4 Int-2}

@: no status effects
A: icy blue scales 3, ignite blood 2, robust 3, magic shield, magic
regeneration, magic link, demonic touch 3, talons 1, clumsy 1, weak 1, cold
vulnerability 1
0: Orb of Zot
}: 3/15 runes: serpentine, barnacled, silver
a: Renounce Religion, Evoke Invisibility, Heroism, Finesse, Duel


You escaped.
You worshipped Okawaru.
Okawaru was extremely pleased with you.
You visited 10 branches of the dungeon, and saw 48 of its levels.
You also visited: Bailey, Ice Cave and Volcano.

You collected 10405 gold pieces.
You spent 9261 gold pieces at shops.

Inventory:

Hand Weapons
 r - the +5 war axe of Malaise {speed, rElec MP+9 Dex-3}
   (You found it on level 3 of the Dungeon)

   Dex:       It affects your dexterity (-3).
   rElec:     It insulates you from electricity.
   MP:        It affects your magic capacity (+9).
 x - a +9 vampiric broad axe (weapon)
Missiles
 d - 14 throwing nets (quivered)
 s - 19 javelins
 R - 5 silver javelins
Armour
 c - the +0 hat of the Everdark (worn) {+Inv Str+3 Stlth+}
   (Okawaru gifted it to you on level 9 of the Dungeon)

   Str:       It affects your strength (+3).
   +Inv:      It lets you turn invisible.
   Stlth:     It makes you more stealthy.
 i - the +2 pair of boots "Hinn" {rElec rC+ MP+9}
   (Okawaru gifted it to you on level 5 of the Vaults)

   rC:        It protects you from cold.
   rElec:     It insulates you from electricity.
   MP:        It affects your magic capacity (+9).
 j - the scarf "Ixzomnyb" (worn) {rC+ rF+, Rampage Regen+ Int-2}
   (Okawaru gifted it to you on level 1 of the Depths)

   Int:       It affects your intelligence (-2).
   Regen:     It increases your rate of health regeneration.
   Rampage:   It bestows one free step when moving towards enemies.
 t - the +1 cloak of Starlight {*Dazzle EV+4 Stlth--}
   (You bought it in a shop on level 5 of the Vaults)

   *Dazzle:   It may blind those who miss an attack against the wearer in melee
   combat.
   EV:        It affects your evasion (+4).
   Stlth:     It makes you much less stealthy.
 y - the +2 pair of boots "Ypsorr" (worn) {rN+ Str+3 Int-4 Dex+3}
   (Okawaru gifted it to you on level 4 of the Snake Pit)

   Str:       It affects your strength (+3).
   Int:       It affects your intelligence (-4).
   Dex:       It affects your dexterity (+3).
   rN:        It protects you from negative energy.
 D - the +4 dragonskin cloak
   (You took it off Tiamat in the Arena)

   Avatar's Aegis: It grants the wearer a chance to resist fire, cold, poison,
   electricity, acid, and negative energy.
 E - a +2 cloak of willpower
 O - +12 gold dragon scales (worn)
Jewellery
 l - the ring of Xohoith (right hand) {Will+ Str+4 Int-2}
   (You found it on level 5 of the Lair of Beasts)

   [ring of willpower]

   Str:       It affects your strength (+4).
   Int:       It affects your intelligence (-2).
   Will:      It increases your willpower.
 m - a ring of protection from fire
 q - a +6 ring of strength (left hand)
 C - a ring of willpower
 F - the ring "Taoposk" {Ice +Blink rElec rPois Int-5}
   (You took it off Josephina on level 2 of the Depths)

   [ring of ice]

   It enhances your ice magic.
   Int:       It affects your intelligence (-5).
   rF:        It makes you vulnerable to fire.
   rC:        It protects you from cold.
   rElec:     It insulates you from electricity.
   rPois:     It protects you from poison.
   +Blink:    It lets you blink.
 Y - the amulet of Cosch (around neck) {Will+ Regen+ Dex+2 Stlth+}
   (You found it in an ice cave)

   [amulet of regeneration]

   Dex:       It affects your dexterity (+2).
   Regen:     It increases your rate of health regeneration.
   Will:      It increases your willpower.
   Stlth:     It makes you more stealthy.
Wands
 g - a wand of digging (13)
 H - a wand of iceblast (14)
 N - a wand of acid (6)
Scrolls
 e - 3 scrolls of butterflies
 p - 4 scrolls of enchant weapon
 w - 6 scrolls of fear
 B - 24 scrolls of identify
 G - 3 scrolls of brand weapon
 I - 17 scrolls of teleportation
 L - 10 scrolls of amnesia
 M - 6 scrolls of fog
 Q - a scroll of silence
 S - 2 scrolls of noise
 V - 5 scrolls of immolation
Potions
 a - 6 potions of heal wounds
 b - 5 potions of might
 f - 12 potions of curing
 h - 8 potions of attraction
 k - 8 potions of resistance
 n - 7 potions of brilliance
 o - 10 potions of mutation
 u - 7 potions of lignification
 z - 4 potions of magic
 J - 6 potions of invisibility
 K - 2 potions of flight
 P - 8 potions of ambrosia
 T - 8 potions of cancellation
 U - 4 potions of berserk rage
 Z - 4 potions of haste
Miscellaneous
 A - a condenser vane
 X - a phial of floods


   Skills:
 + Level 21.8 Fighting
 - Level 17.7(18.0) Axes
 - Level 4.7(12.5) Polearms
 - Level 1.7 Throwing
 + Level 21.5 Armour
 + Level 21.5 Dodging
 - Level 23.0 Invocations


You had 22 spell levels left.
You knew the following spells:

 Your Spells              Type           Power      Damage    Failure   Level
a - Wereblood             Tmut           0%         N/A       99%         2

Your spell library contained the following spells:

 Spells                   Type           Power      Damage    Failure   Level
 Apportation              Tloc           0%         N/A       99%         1
 Beastly Appendage        Tmut           0%         N/A       99%         1
 Foxfire                  Conj/Fire      0%         2x1d4     99%         1
 Kiss of Death            Conj/Necr      0%         2d5       99%         1
 Necrotise                Necr           0%         1d4       99%         1
 Sandblast                Erth           0%         2d4       99%         1
 Slow                     Hex            0%         N/A       99%         1
 Blink                    Tloc           0%         N/A       99%         2
 Momentum Strike          Conj/Tloc      0%         3d8       99%         2
 Passwall                 Tmut/Erth      0%         N/A       99%         2
 Static Discharge         Conj/Air       0%         2-2/arc   99%         2
 Confusing Touch          Hex            0%         N/A       100%        3
 Dazzling Flash           Conj/Hex       0%         N/A       100%        3
 Hailstorm                Conj/Ice       0%         3d3       100%        3
 Ozocubu's Armour         Ice            0%         N/A       100%        3
 Portal Projectile        Hex/Tloc       0%         N/A       100%        3
 Spider Form              Tmut/Pois      0%         N/A       100%        3
 Stone Arrow              Conj/Erth      0%         3d7       100%        3
 Vampiric Draining        Necr           0%         2d6       100%        3
 Vhi's Electric Charge    Tloc/Air       0%         N/A       100%        3
 Airstrike                Air            0%         2d(0-16)  100%        4
 Cause Fear               Hex            0%         N/A       100%        4
 Dispel Undead            Necr           0%         3d6       100%        4
 Ice Form                 Ice/Tmut       0%         N/A       100%        4
 Leda's Liquefaction      Hex/Erth       0%         N/A       100%        4
 Manifold Assault         Tloc           0%         N/A       100%        4
 Passage of Golubria      Tloc           0%         N/A       100%        4
 Arcjolt                  Conj/Air       0%         1d10      100%        5
 Blade Hands              Tmut           0%         N/A       100%        5
 Fireball                 Conj/Fire      0%         3d3       100%        5
 Irradiate                Conj/Tmut      0%         3d11      100%        5
 Iskenderun's Battlesphe  Conj           0%         2d6       100%        5
 Metabolic Englaciation   Hex/Ice        0%         N/A       100%        5
 Silence                  Hex/Air        0%         N/A       100%        5
 Yara's Violent Unravell  Hex/Tmut       0%         3d3       100%        5
 Dispersal                Tloc           0%         N/A       100%        6
 Iron Shot                Conj/Erth      0%         9d1       100%        6
 Starburst                Conj/Fire      0%         6d3       100%        6
 Dragon Form              Tmut           0%         N/A       100%        7
 Storm Form               Tmut/Air       0%         N/A       100%        7
 Disjunction              Tloc           0%         N/A       100%        8
 Lehudib's Crystal Spear  Conj/Erth      0%         10d2      100%        8
 Maxwell's Capacitive Co  Air            0%         ∞         100%        8
 Summon Small Mammal      Summ           Unusable   N/A       N/A         1
 Call Canine Familiar     Summ           Unusable   N/A       N/A         3
 Tukima's Dance           Hex            Unusable   N/A       N/A         3
 Animate Armour           Summ/Erth      Unusable   N/A       N/A         4
 Summon Lightning Spire   Summ/Air       Unusable   N/A       N/A         4
 Simulacrum               Ice/Necr       Unusable   N/A       N/A         6
 Spellforged Servitor     Conj/Summ      Unusable   N/A       N/A         7
 Dragon's Call            Summ           Unusable   N/A       N/A         9

Dungeon Overview and Level Annotations

Branches:
Dungeon (15/15)            Temple (1/1) D:6            Lair (5/5) D:11
 Shoals (4/4) Lair:2        Snake (4/4) Lair:3        Slime (0/5) Lair:4
    Orc (2/2) D:9             Elf (3/3) Orc:2        Vaults (5/5) D:13
  Crypt (0/3) Vaults:3     Depths (4/4) D:15            Zot (5/5) Depths:4
 Bailey (visited)           IceCv (visited)         Volcano (visited)

Altars:
Ashenzari
Cheibriados
Dithmenos
Fedhas
Gozag
Hepliaklqana
Kikubaaqudgha
Makhleb
Nemelex Xobeh
Okawaru
Qazlal
Ru
Sif Muna
Trog
Uskayaw
Vehumet
Wu Jian
Xom
Yredelemnul
Lugonu

Shops:
D:2 [   D:4 *   D:9 :   D:12 (   D:13 :(([[   Orc:2 *([:*   Elf:3 ?
Shoals:1 *:!!   Shoals:4 [   Vaults:1 :   Vaults:2 :   Vaults:3 *
Vaults:5 !:[(?*?!   Depths:1 !*   Depths:3 ==

Portals:
Hell: Depths:1 Depths:2 Depths:3 Depths:4
Abyss: Snake:1 Depths:3 Depths:4
Pandemonium: Depths:1 Depths:2 Depths:4
Ziggurat: Depths:3
Trove: D:10 (give +3 gold dragon scales)

Annotations:
D:2 Natasha
D:5 2 transporters, exclusion: statue, Sleet's ghost, novice DsGl
D:6 1 exclusion
D:8 4 transporters
D:12 1 runed translucent door, patfeehan111222's ghost, journeyman MiBe
Lair:5 exclusion: obsidian statue
Snake:1 2 transporters, Saojabem's ghost, adept MiBe
Elf:2 3 runed translucent doors
Vaults:2 2 transporters, exclusion: obsidian statue
Depths:1 exclusion: obsidian statue
Zot:3 exclusion: 2 upstairs
Zot:4 exclusion: 2 upstairs
Zot:5 1 exclusion


Innate Abilities, Weirdness & Mutations

You are completely covered in icy blue scales. (AC +4, rC+)
Your demonic aura often causes spilled blood to erupt in flames.
You are extremely robust. (+30% HP)
When hurt, damage is shared between your health and your magic reserves.
You regenerate magic rapidly.
When low on magic, you restore magic in place of health.
Your touch may irresistibly damage your foes and sap their willpower.
You have sharp toenails.
You are clumsy. (Dex -2)
You are weak. (Str -2)
You are vulnerable to cold. (rC-)


Message History

* * * LOW HITPOINT WARNING * * *
The Hell Sentinel hits you but does no damage.
You hit the Hell Sentinel.
The Hell Sentinel is almost dead.
The Hell Sentinel hits you.
* * * LOW HITPOINT WARNING * * *
The Hell Sentinel completely misses you.
You hit the Hell Sentinel.
The Hell Sentinel is almost dead.
You slice the Hell Sentinel!!
You touch the Hell Sentinel.
You kill the Hell Sentinel!
Okawaru accepts your kill.
There is a stone staircase leading up here.
You climb upwards.
Level annotation: 2 transporters, exclusion: statue, Sleet's ghost, novice DsGl
There is a stone staircase leading down here.
(D) Dungeon (T) Temple (L) Lair (A) Shoals (P) Snake Pit (M) Slime Pits (O) Orcish Mines (E) Elven Halls (V) Vaults (C) Crypt (U) Depths (H) Hell (Z) Zot
Where to? (Enter - D:1 @ (x,y), ? - help)
You see here a +0 whip.
There is a stone staircase leading up here.
You climb upwards.
There is a stone staircase leading down here.
There is a stone staircase leading up here.
You climb upwards.
There is a stone staircase leading down here.
HP restored.
There is a stone staircase leading up here.
You climb upwards.
Level annotation: Natasha
There is a stone staircase leading down here.
There is a stone staircase leading up here.
You climb upwards.
There is a stone staircase leading down here.
There is an open door here.
There is a staircase leading out of the dungeon here.
There is a staircase leading out of the dungeon here.
You have escaped!

.#......#.#.##..#.~~~..#.##....#.
.#......##...#.~..≈≈~~.#.......#.
.#......##)~..≈~...~~~~###.....#.
.#......##...~~~≈~..~.~.##.....#.
.#......##...~≈≈≈~~....###.....#.
.#......###..~≈~~≈~...####.....#.
.##.#.#..##.~≈≈~.≈~≈..#.##.....#.
.##.#.#..##.≈~≈~.~~.~.#)#......#.
.##.#.#..##≈~≈..@..≈~...#......#.
.##.#.#.###.~.≈~..~~~.###......#.
.##.#.#.# #..~~≈.≈≈≈~.# ##.......
.##.#...# ##.≈≈≈≈≈≈~~.## #.......
.##.##### ##..≈≈≈~.....# #.#.....
.##.....###~.~≈≈≈≈~.#.## #.#.....
.######.##....~≈≈≈~.##.# #.#.....
.# #.##.#...~.~~...####.#+#+#. .#
#.##..#...#..~...##.......>


There were no monsters in sight!

Vanquished Creatures
  Tiamat (Arena)
  2 dread liches
  4 orbs of fire (Zot:5)
  3 ancient liches (Vaults:5)
  Mara (Depths:3)
  2 juggernauts
  A pandemonium lord (Zot:5)
  Josephina (Depths:2)
  Bai Suzhen (Depths:1)
  9 Killer Klowns
  Frederick (Vaults:2)
  Xtahua (Vaults:5)
  A golden dragon (Vaults:5)
  A profane servitor (Depths:4)
  2 bone dragons (Depths:4)
  the Enchantress (Depths:3)
  3 Tzitzimimeh
  7 tentacled monstrosities
  An electric golem (Zot:5)
  2 liches
  A Hell Sentinel (D:6)
  Jorgrun (Orc:2)
  22 Orb Guardians
  A walking crystal tome (Depths:2)
  A walking divine tome (Depths:2)
  4 quicksilver dragons
  6 acid blobs (Zot:3)
  3 titans
  A deep elf master archer (Elf:3)
  4 sphinxes
  Agnes (D:14)
  3 death cobs
  11 storm dragons
  2 tengu reavers
  6 shadow dragons
  7 draconian monks
  2 iron dragons
  7 nagarajas
  7 draconian knights
  11 deep elf sorcerers
  11 fire giants
  A ghost moth (Zot:3)
  14 vault wardens
  7 draconian scorchers
  6 frost giants
  A draconian shifter (Zot:4)
  3 deep elf elementalists (Elf:3)
  A cacodemon (Depths:1)
  A reaper (Depths:1)
  2 orc warlords
  Aizul (Snake:3)
  3 draconian stormcallers (Zot:3)
  22 ironbound preservers
  2 spriggan defenders (Depths:3)
  6 draconian annihilators
  19 very ugly things
  7 ironbound thunderhulks
  2 war gargoyles
  14 stone giants
  5 vampire knights
  4 green draconians
  Azrael (Elf:2)
  5 purple draconians
  9 dire elephants
  7 red draconians
  12 deep elf annihilators
  4 white draconians
  9 black draconians
  16 yellow draconians
  9 deep elf demonologists
  A spark wasp (Depths:2)
  5 merfolk javelineers
  Snorg (D:11)
  19 ettins
  11 fire dragons
  A green death (Depths:1)
  8 deep elf death magi
  8 merfolk impalers
  4 blizzard demons
  3 spectral krakens (Shoals:3)
  6 deep elf high priests
  2 crystal guardians
  10 great orbs of eyes
  2 salamander tyrants (Snake:3)
  A great orb of eyes (shapeshifter) (Depths:2)
  21 yaktaur captains
  An entropy weaver (Vaults:2)
  3 rakshasas
  A hell beast (Depths:1)
  13 ice dragons
  Harold (D:9)
  A caustic shrike simulacrum (Depths:2)
  4 hydras
  An alligator snapping turtle (Shoals:3)
  3 ironbound frosthearts
  3 centaur warriors
  A juggernaut simulacrum (Depths:2)
  4 peacekeepers
  36 vault guards
  3 merfolk avatars
  2 ghost crabs (Shoals:3)
  7 spriggan air magi
  An ogre mage (Vaults:5)
  9 deep troll shamans
  An alligator (shapeshifter) (Vaults:5)
  4 anacondas
  9 two-headed ogres
  A boulder beetle (shapeshifter) (Vaults:5)
  7 boulder beetles
  5 satyrs (Shoals:4)
  6 tengu warriors
  A death yak (Lair:5)
  21 dancing weapons
  3 merfolk aquamancers (Shoals:4)
  7 deep troll earth magi
  3 spriggan berserkers
  22 naga warriors
  A vampire mage (Depths:1)
  2 shock serpents
  Urug (D:12)
  An orc high priest (Orc:2)
  Nergalle (D:12)
  11 deep elf knights
  2 soul eaters (Depths:1)
  3 hell knights (Vaults:5)
  5 naga sharpshooters
  3 sun demons (Depths:1)
  A skeletal warrior (D:12)
  10 iron trolls
  4 salamander mystics
  3 sixfirhies
  7 skysharks
  A spectral death yak (Lair:5)
  A spectral anaconda (Lair:5)
  5 glowing orange brains
  12 sea snakes
  4 naga ritualists
  85 deep trolls
  A swamp dragon (shapeshifter) (Vaults:5)
  2 flayed ghosts
  23 harpies
  12 wizards
  7 deep elf archers
  10 phantasmal warriors
  6 lindwurms
  19 deep elf pyromancers
  17 ironbound convokers
  Pikel (D:9)
  A wolf spider (shapeshifter) (Vaults:5)
  10 necromancers
  23 deep elf zephyrmancers
  12 fauns
  5 mana vipers
  9 orc knights
  A wolf spider zombie (D:15)
  6 orc sorcerers
  2 wolf spiders
  9 cyclopes
  37 salamanders
  2 oklob plants (Zot:3)
  19 manticores
  42 ugly things
  11 merfolk sirens
  8 moths of wrath
  Maurice (D:12)
  12 elephants
  28 black mambas
  A centaur zombie (D:15)
  18 vault sentinels
  14 naga magi
  A guardian serpent (Snake:2)
  3 ice statues (IceCv)
  3 rust devils
  4 smoke demons
  2 spectral sea snakes (Shoals:3)
  2 gargoyles (D:12)
  4 water nymphs
  5 rime drakes
  Maggie (D:7)
  11 cane toads
  A yaktaur zombie (Vaults:1)
  4 kobold demonologists
  3 centaur skeletons (D:15)
  An orange demon (Depths:1)
  A komodo dragon (shapeshifter) (D:13)
  3 unseen horrors
  2 efreet (D:15)
  2 freezing wraiths
  5 komodo dragons
  2 tormentors
  47 yaktaurs
  A hellion (Zot:4)
  4 spectral merfolk (Shoals:3)
  2 spectral harpies (Shoals:3)
  28 merfolk
  An ice devil (Depths:2)
  4 tengu conjurers
  An anaconda simulacrum (IceCv)
  2 trolls
  A queen bee (shapeshifter) (Vaults:5)
  A meliai (shapeshifter) (D:13)
  3 hellwings
  10 wind drakes
  A tyrant leech (shapeshifter) (Vaults:5)
  9 snapping turtles
  6 blink frogs
  Grinder (D:3)
  3 spectral elephants (Lair:5)
  4 dream sheep (Shoals:2)
  A spectral manticore (Shoals:3)
  3 air elementals
  Sigmund (D:4)
  2 shadows
  37 slime creatures
  4 spriggans (Depths:3)
  2 vampires
  A jumping spider (Lair:2)
  2 wraiths
  A centaur simulacrum (D:15)
  5 wyverns
  A yak (shapeshifter) (D:15)
  A fire bat (Volcano)
  8 water elementals
  32 yaks
  3 fire elementals (Elf:2)
  A steam dragon (D:8)
  4 basilisks
  4 death yak simulacra
  A neqoxec (Depths:1)
  3 redbacks
  11 vampire mosquitoes
  6 wargs
  A spectral cane toad (Lair:5)
  3 hell hounds
  An acid dragon (D:9)
  18 water moccasins
  A hydra simulacrum (IceCv)
  31 nagas
  Duvessa (D:4)
  2 floating eyes
  An ogre skeleton (Vaults:1)
  An elephant zombie (Lair:5)
  26 orc warriors
  2 sky beasts
  A black bear (D:8)
  A deep troll simulacrum (Vaults:1)
  4 boggarts (Vaults:3)
  8 elephant skeletons (Lair:5)
  5 ogres
  15 centaurs
  7 wolves (Lair:5)
  20 kobold brigands
  Blork the orc (Orc:2)
  A scorpion (D:6)
  13 bullfrogs
  2 earth elementals (Elf:2)
  3 gnoll sergeants
  3 cane toad simulacra
  7 wights
  Dowan (D:4)
  2 elephant simulacra (IceCv)
  5 killer bees (D:8)
  4 electric eels
  A howler monkey (D:9)
  7 lava snakes
  3 hounds
  23 orc priests
  16 jellies
  2 sleepcaps
  Terence (D:2)
  Crazy Yiuf (D:7)
  Jessica (D:3)
  A gnoll bouda (D:8)
  8 iguanas
  Natasha (D:2)
  31 orc wizards
  A polar bear simulacrum (IceCv)
  2 wolf simulacra (IceCv)
  Robin (D:3)
  18 gnolls
  8 adders
  3 shadow imps
  3 white imps
  An ufetubus (D:4)
  4 worms
  2 dart slugs
  66 orcs
  11 endoplasms
  7 giant cockroaches
  9 hobgoblins
  8 jackals
  30 kobolds
  2 quokkas
  3 ball pythons
  9 bats
  2 frilled lizards
  10 goblins
  31 rats
  4 plants (Shoals:4)
  3 tentacles (Shoals:3)
2017 creatures vanquished.

Vanquished Creatures (others)
  2 tengu reavers (Depths:2)
  A storm dragon (Depths:4)
  A vault warden (Vaults:3)
  A spriggan defender (Depths:3)
  A war gargoyle (Vaults:3)
  A green draconian (Zot:3)
  A yellow draconian (Depths:4)
  2 spark wasps (Depths:2)
  2 deep elf high priests
  A fire dragon (Depths:2)
  3 vault guards
  A rakshasa (Depths:2)
  An ice dragon (Depths:2)
  A spriggan air mage (Depths:2)
  2 tengu warriors (Depths:2)
  2 deep troll shamans (Depths:2)
  A spriggan berserker (Depths:2)
  A sea snake (Shoals:2)
  An ironbound convoker (Vaults:2)
  A necromancer (Vaults:5)
  A wizard (D:15)
  2 deep elf zephyrmancers (Elf:1)
  An ugly thing (IceCv)
  A moth of wrath (Zot:1)
  An efreet (D:11)
  2 yaktaurs
  2 golden dragon simulacra (Depths:2)
  A floating eye (Depths:2)
  An orc warrior (Vaults:5)
  A centaur (D:11)
  A bullfrog (Lair:4)
  A lava snake (Lair:3)
  An orc priest (Orc:2)
  A jelly (Zot:3)
  A shadow imp (D:7)
  2 kobolds (D:9)
  12 fungi
  132 plants
  14 tentacles (Shoals:3)
  26 withered plants
231 creatures vanquished.

Grand Total: 2248 creatures vanquished

Notes
Turn   | Place    | Note
-------+----------+-------------------------------------------
     0 | D:1      | bakla the Demonspawn Gladiator began the quest for the Orb.
     0 | D:1      | Reached XP level 1. HP: 16/16 MP: 1/1
    48 | D:1      | Found a faded altar of an unknown god.
   298 | D:1      | Gained mutation: Your demonic aura sometimes causes spilled
                  | blood to erupt in flames. [demonic ancestry]
   298 | D:1      | Reached XP level 2. HP: 22/22 MP: 2/2
  1081 | D:2      | Noticed Terence
  1182 | D:2      | Reached XP level 3. HP: 28/28 MP: 3/3
  1419 | D:2      | Reached skill level 1 in Armour
  1545 | D:2      | Noticed Natasha
  1602 | D:2      | Found Hugukh's Antique Armour Shoppe.
  1898 | D:2      | Killed Natasha
  1899 | D:2      | Reached XP level 4. HP: 21/34 MP: 4/4
  2077 | D:2      | Noticed Natasha
  2234 | D:3      | Identified the +5 war axe of Malaise {speed, rElec MP+9
                  | Dex-3}
  2325 | D:3      | Found a shadowy altar of Dithmenos.
  2451 | D:3      | Noticed Grinder
  2461 | D:3      | Found a burning altar of Makhleb.
  2476 | D:3      | Gained mutation: You are partially covered in icy blue
                  | scales. (AC +2) [demonic ancestry]
  2476 | D:3      | Reached XP level 5. HP: 31/40 MP: 5/5
  2479 | D:3      | Paralysed by Grinder for 3 turns
  2864 | D:3      | Killed Grinder
  2865 | D:3      | Gained mutation: Your touch may inflict minor irresistible
                  | damage on your foes. [demonic ancestry]
  2865 | D:3      | Reached XP level 6. HP: 27/47 MP: 6/6
  3000 | D:3      | Noticed Robin
  3009 | D:3      | Killed Robin
  3042 | D:3      | Noticed Jessica
  3048 | D:3      | Killed Jessica
  3482 | D:4      | Noticed Duvessa
  3483 | D:4      | Noticed Dowan
  3489 | D:4      | Killed Duvessa
  3499 | D:4      | Killed Dowan
  3500 | D:4      | Reached skill level 1 in Axes
  3500 | D:4      | Gained mutation: Your touch may inflict irresistible damage
                  | on your foes. [demonic ancestry]
  3500 | D:4      | Reached XP level 7. HP: 38/53 MP: 7/7
  4026 | D:4      | Found Turuumer's General Store.
  4031 | D:4      | Bought a scroll of enchant armour for 90 gold pieces
  4039 | D:4      | Noticed Sigmund
  4050 | D:4      | Killed Sigmund
  4370 | D:5      | Entered Level 5 of the Dungeon
  4539 | D:5      | Gained mutation: You regenerate magic rapidly. [demonic
                  | ancestry]
  4539 | D:5      | Reached XP level 8. HP: 48/61 MP: 8/8
  4642 | D:5      | Reached skill level 5 in Dodging
  4700 | D:5      | Found a radiant altar of Vehumet.
  4722 | D:5      | Found a transporter.
  4726 | D:5      | Noticed Sleet's ghost (novice DsGl)
  4731 | D:5      | Found a transporter.
  4774 | D:5      | Found a sacrificial altar of Ru.
  5002 | D:6      | Reached skill level 5 in Fighting
  5210 | D:6      | Found a staircase to the Ecumenical Temple.
  5220 | Temple   | Entered the Ecumenical Temple
  5254 | Temple   | Became a worshipper of Warmaster Okawaru
  5441 | D:6      | Noticed a moth of wrath
  5443 | D:6      | Found a bloodstained altar of Trog.
  5828 | D:7      | Noticed a manticore
  5830 | D:7      | Reached skill level 5 in Armour
  5830 | D:7      | Gained mutation: Your demonic aura often causes spilled
                  | blood to erupt in flames. [demonic ancestry]
  5830 | D:7      | Reached XP level 9. HP: 66/69 MP: 9/9
  5832 | D:7      | Reached * piety under Okawaru
  5841 | D:7      | Killed a manticore
  6129 | D:7      | Found a runed translucent door.
  6130 | D:7      | Noticed Crazy Yiuf
  6135 | D:7      | Killed Crazy Yiuf
  6192 | D:7      | Noticed Maggie
  6211 | D:7      | Killed Maggie
  6212 | D:7      | Reached skill level 5 in Axes
  6234 | D:7      | Found a shimmering altar of Xom.
  6277 | D:7      | Reached ** piety under Okawaru
  6499 | D:7      | Reached skill level 1 in Invocations
  7032 | D:7      | Reached skill level 2 in Invocations
  7134 | D:8      | Reached XP level 10. HP: 78/79 MP: 11/11
  7159 | D:8      | Found a transporter.
  7241 | D:8      | Noticed a cyan ugly thing
  7242 | D:8      | Found a transporter.
  7249 | D:8      | Found a transporter.
  7286 | D:8      | Noticed a two-headed ogre
  7294 | D:8      | Killed a two-headed ogre
  7294 | D:8      | Reached *** piety under Okawaru
  7295 | D:8      | Reached skill level 3 in Invocations
  7404 | D:8      | Found a flagged portal.
  7424 | Bailey   | Entered a bailey
  7459 | Bailey   | Reached skill level 4 in Invocations
  7551 | Bailey   | Reached **** piety under Okawaru
  7552 | Bailey   | Found a bloodstained altar of Trog.
  7569 | Bailey   | Identified the ring "Micka" {Wiz rPois rC+ Str+3 Dex-3}
  7690 | D:8      | Found a transporter.
  8342 | D:2      | Killed Terence
  8529 | D:9      | Found a staircase to the Orcish Mines.
  8573 | D:9      | Reached skill level 5 in Invocations
  8576 | D:9      | Noticed Harold
  8589 | D:9      | Killed Harold
  8589 | D:9      | Reached ***** piety under Okawaru
  8836 | D:9      | Noticed a sun demon
  8837 | D:9      | Reached XP level 11. HP: 80/87 MP: 15/15
  8844 | D:9      | Reached skill level 6 in Invocations
  8850 | D:9      | Identified the +0 scimitar "Zeun" {drain, rC+}
  8895 | D:9      | Noticed Pikel
  8898 | D:9      | Killed Pikel
  8898 | D:9      | Identified the +0 hat of the Everdark {+Inv Str+3 Stlth+}
                  | (Okawaru gifted it to you on level 9 of the Dungeon)
  8898 | D:9      | Received a gift from Okawaru
  8900 | D:9      | Noticed a two-headed ogre
  8911 | D:9      | Killed a two-headed ogre
  9216 | D:9      | Found Gipt's Book Shoppe.
  9357 | D:10     | Entered Level 10 of the Dungeon
  9357 | D:10     | Noticed a two-headed ogre
  9370 | D:10     | Killed a two-headed ogre
  9591 | D:10     | Found an ancient bone altar of Kikubaaqudgha.
  9616 | D:10     | Found a sparkling altar of Nemelex Xobeh.
  9635 | D:10     | Found an opulent altar of Gozag.
  9656 | D:10     | Noticed a two-headed ogre
  9661 | D:10     | Killed a two-headed ogre
  9662 | D:10     | Reached skill level 7 in Invocations
  9801 | D:10     | Found a portal to a secret trove of treasure.
  9967 | D:10     | Found a blossoming altar of Fedhas.
 10479 | D:11     | Found a staircase to the Lair.
 10586 | D:11     | Noticed Snorg
 10595 | D:11     | Killed Snorg
 10596 | D:11     | Reached skill level 8 in Invocations
 10770 | D:11     | Noticed a two-headed ogre
 10781 | D:11     | Killed a two-headed ogre
 10781 | D:11     | Received a gift from Okawaru
 10782 | D:11     | Reached XP level 12. HP: 86/96 MP: 18/18
 10991 | D:12     | Noticed Nergalle
 11000 | D:12     | Killed Nergalle
 11092 | D:12     | Noticed a two-headed ogre
 11207 | D:12     | Reached skill level 9 in Invocations
 11254 | Lair:1   | Entered Level 1 of the Lair of Beasts
 11435 | Lair:1   | Reached skill level 10 in Fighting
 11539 | Lair:1   | Identified the +1 bardiche "Lekef" {chaos, rF++ rN+ Will-
                  | rCorr} (Okawaru gifted it to you on level 1 of the Lair of
                  | Beasts)
 11539 | Lair:1   | Received a gift from Okawaru
 12158 | Lair:2   | Reached skill level 10 in Invocations
 12477 | Lair:2   | Found a staircase to the Shoals.
 12485 | Lair:2   | Reached skill level 10 in Dodging
 12557 | Lair:2   | Received a gift from Okawaru
 12641 | Lair:2   | Reached ****** piety under Okawaru
 13057 | Lair:2   | Found a runed translucent door.
 13087 | Lair:2   | Reached XP level 13. HP: 103/103 MP: 20/20
 13106 | Lair:2   | Reached skill level 10 in Armour
 13123 | Lair:2   | Found a runed translucent gate.
 13123 | Lair:2   | Found a runed translucent gate.
 13123 | Lair:2   | Found a runed translucent gate.
 13123 | Lair:2   | Found a runed translucent gate.
 13123 | Lair:2   | Found a runed translucent gate.
 13123 | Lair:2   | Found a runed translucent gate.
 13148 | Lair:2   | Reached skill level 10 in Axes
 13163 | Lair:2   | Identified the ring "Yqirydd" {rPois Str-5 Dex+3 SInv}
 13529 | Lair:3   | Identified the +0 pair of gloves of Viny Joy {Rampage}
                  | (Okawaru gifted it to you on level 3 of the Lair of Beasts)
 13529 | Lair:3   | Received a gift from Okawaru
 13838 | Lair:3   | Found a staircase to the Snake Pit.
 14961 | Lair:4   | Found a staircase to the Slime Pits.
 15574 | Lair:5   | Entered Level 5 of the Lair of Beasts
 15657 | Lair:5   | Found a dark tunnel.
 15685 | Volcano  | Entered a volcano
 16115 | Lair:5   | Found a frozen archway.
 16126 | IceCv    | Entered an ice cave
 16135 | IceCv    | Received a gift from Okawaru
 17104 | IceCv    | Identified the +7 flail of Prudence {venom, *Rage rN+
                  | Stlth+}
 17110 | IceCv    | Identified the amulet of Cosch {Will+ Regen+ Dex+2 Stlth+}
 17500 | Lair:5   | Gained mutation: When hurt, damage is shared between your
                  | health and your magic reserves. [demonic ancestry]
 17500 | Lair:5   | Reached XP level 14. HP: 110/110 MP: 21/21
 18225 | Lair:5   | Identified the ring of Xohoith {Will+ Str+4 Int-2}
 18362 | Lair:5   | Reached skill level 11 in Invocations
 18854 | D:12     | Found a runed translucent door.
 18868 | D:12     | Noticed patfeehan111222's ghost (journeyman MiBe)
 18869 | D:12     | Identified the +1 trident of the Goat {freeze, rC+ Will+}
 18948 | D:12     | Noticed Urug
 18966 | D:12     | Killed Urug
 18971 | D:12     | Received a gift from Okawaru
 18980 | D:12     | Reached skill level 12 in Invocations
 19121 | D:12     | Found Bet Digomy's Weapon Emporium.
 19410 | D:12     | Noticed Maurice
 19416 | D:12     | Reached skill level 15 in Axes
 19424 | D:12     | Killed Maurice
 19541 | D:13     | Found Sufass's Antique Armour Emporium.
 19544 | D:13     | Bought an encrusted chain mail for 256 gold pieces
 19544 | D:13     | Identified the +1 chain mail "Kaasinit" {MP+9} (You bought
                  | it in a shop on level 13 of the Dungeon)
 19573 | D:13     | Reached skill level 13 in Invocations
 19706 | D:13     | Found a gate to the Vaults.
 19736 | D:13     | Received a gift from Okawaru
 19776 | D:13     | Found Tavvooso's Weapon Boutique.
 19789 | D:13     | Bought the +7 great mace "Firestarter" {flame, inner flame,
                  | rFlCloud rF++} for 1210 gold pieces
 19789 | D:13     | Found the +7 great mace "Firestarter" {flame, inner flame,
                  | rFlCloud rF++}
 20000 | D:13     | Found Jirruina's Book Boutique.
 20023 | D:13     | Found Oreedeypn's Weapon Shoppe.
 20122 | D:13     | Bought a book of Changes for 306 gold pieces
 20125 | D:13     | Learned a level 2 spell: Wereblood
 20306 | D:13     | Found Tiaxtec's Antique Armour Emporium.
 20391 | D:14     | Received a gift from Okawaru
 20498 | D:14     | Reached skill level 14 in Invocations
 20498 | D:14     | Gained mutation: You are mostly covered in icy blue scales.
                  | (AC +3) [demonic ancestry]
 20498 | D:14     | Reached XP level 15. HP: 99/115 MP: 25/25
 20518 | D:14     | Got Sif Muna's Tome of Battle Magic
 20840 | D:14     | Found an opulent altar of Gozag.
 20868 | D:14     | Noticed Agnes
 20876 | D:14     | Killed Agnes
 21150 | D:15     | Entered Level 15 of the Dungeon
 21262 | D:15     | Reached skill level 15 in Invocations
 21345 | D:15     | Identified the +1 pair of boots of the Game of Kings {Harm
                  | Rampage Dex+3} (Okawaru gifted it to you on level 15 of the
                  | Dungeon)
 21345 | D:15     | Received a gift from Okawaru
 21634 | D:15     | Reached skill level 16 in Invocations
 21674 | D:15     | Found a staircase to the Depths.
 22236 | Orc:1    | Entered Level 1 of the Orcish Mines
 22317 | Orc:2    | Entered Level 2 of the Orcish Mines
 22549 | Orc:2    | Reached skill level 17 in Invocations
 22583 | Orc:2    | Noticed Jorgrun
 22604 | Orc:2    | Killed Jorgrun
 22606 | Orc:2    | Noticed Blork the orc
 22611 | Orc:2    | Killed Blork the orc
 22634 | Orc:2    | Reached skill level 18 in Invocations
 22642 | Orc:2    | Found Irhieq's General Store.
 22648 | Orc:2    | Found Ykomur's Antique Armour Boutique.
 22659 | Orc:2    | Found Midwan's Book Boutique.
 22687 | Orc:2    | Bought a spiked cloak for 285 gold pieces
 22687 | Orc:2    | Identified the +1 cloak of the Dwarven Hall {rN+} (You
                  | bought it in a shop on level 2 of the Orcish Mines)
 22698 | Orc:2    | Found a staircase to the Elven Halls.
 22720 | Orc:2    | Bought a potion of heal wounds for 70 gold pieces
 22720 | Orc:2    | Bought a scroll of teleportation for 42 gold pieces
 22845 | Orc:2    | Found Hequl's General Store.
 22850 | Orc:2    | Bought a scroll of enchant armour for 75 gold pieces
 22966 | Orc:2    | Found Inkesuoli's Antique Weapon Boutique.
 23595 | Snake:1  | Entered Level 1 of the Snake Pit
 23620 | Snake:1  | Identified the +0 executioner's axe "Imp's Doom" {venom,
                  | Str+3} (Okawaru gifted it to you on level 1 of the Snake
                  | Pit)
 23620 | Snake:1  | Received a gift from Okawaru
 23649 | Snake:1  | You fall into a shaft and drop 1 floor!
 23658 | Snake:2  | Noticed a nagaraja
 23667 | Snake:2  | Killed a nagaraja
 23790 | Snake:2  | Noticed a nagaraja
 23800 | Snake:2  | Killed a nagaraja
 24003 | Snake:2  | Reached skill level 19 in Invocations
 24980 | Snake:3  | Reached XP level 16. HP: 122/122 MP: 29/29
 24985 | Snake:3  | Identified the +7 hand axe of the Lamprey {flame, Contam
                  | rPois rF++ rCorr} (Okawaru gifted it to you on level 3 of
                  | the Snake Pit)
 24985 | Snake:3  | Received a gift from Okawaru
 25547 | Snake:3  | Noticed Aizul
 25560 | Snake:3  | Killed Aizul
 26169 | Snake:4  | Entered Level 4 of the Snake Pit
 26490 | Snake:4  | Identified the +2 pair of boots "Ypsorr" {rN+ Str+3 Int-4
                  | Dex+3} (Okawaru gifted it to you on level 4 of the Snake
                  | Pit)
 26490 | Snake:4  | Received a gift from Okawaru
 26648 | Snake:4  | Got a serpentine rune of Zot
 26656 | Snake:4  | Reached skill level 20 in Invocations
 27093 | Snake:1  | Found a one-way gate to the infinite horrors of the Abyss.
 27093 | Snake:1  | Noticed Saojabem's ghost (adept MiBe)
 27095 | Snake:1  | Got the Folio of the Salvo and the Vector
 27181 | Snake:1  | Found a transporter.
 27239 | Snake:1  | Found a transporter.
 27337 | Snake:1  | Identified a scroll of acquirement
 27338 | Snake:1  | Acquired the scarf of the Dolphin {repulsion, rCorr MP-9
                  | Str+3 Dex+5}
 27687 | Snake:1  | Gained mutation: When low on magic, you restore magic in
                  | place of health. [demonic ancestry]
 27687 | Snake:1  | Reached XP level 17. HP: 133/133 MP: 31/31
 27912 | Snake:1  | Received a gift from Okawaru
 28113 | Shoals:1 | Entered Level 1 of the Shoals
 28113 | Shoals:1 | Found Hetsiqec's Book Emporium.
 28136 | Shoals:1 | Found Diunitai's Assorted Antiques.
 28196 | Shoals:1 | Found Kaodis's Distillery.
 28196 | Shoals:1 | Found Xiesuf's Distillery.
 28215 | Shoals:1 | Bought a potion of heal wounds for 75 gold pieces
 28215 | Shoals:1 | Bought a potion of heal wounds for 75 gold pieces
 28215 | Shoals:1 | Bought a potion of invisibility for 120 gold pieces
 28215 | Shoals:1 | Bought a potion of might for 60 gold pieces
 28223 | Shoals:1 | Bought a potion of might for 48 gold pieces
 28223 | Shoals:1 | Bought a potion of invisibility for 96 gold pieces
 28223 | Shoals:1 | Bought a potion of heal wounds for 60 gold pieces
 28223 | Shoals:1 | Bought a potion of ambrosia for 96 gold pieces
 28225 | Shoals:1 | Found Loczeaf's Armour Emporium.
 28788 | Shoals:2 | Received a gift from Okawaru
 29713 | Shoals:2 | Reached skill level 21 in Invocations
 30436 | Shoals:3 | Identified the +2 scale mail of the Blizzard {rElec rF+}
                  | (Okawaru gifted it to you on level 3 of the Shoals)
 30436 | Shoals:3 | Received a gift from Okawaru
 30728 | Shoals:4 | Entered Level 4 of the Shoals
 30898 | Shoals:4 | Found Garshasp's Dragon-Slaying Spoils.
 31350 | Shoals:4 | Reached XP level 18. HP: 124/144 MP: 27/32
 31677 | Shoals:4 | Got a barnacled rune of Zot
 32120 | Vaults:1 | Entered Level 1 of the Vaults
 32262 | Elf:1    | Entered Level 1 of the Elven Halls
 32283 | Elf:1    | Received a gift from Okawaru
 33530 | Elf:2    | Identified the +6 war axe "Elah" {heavy, Drain rN+ rCorr}
                  | (Okawaru gifted it to you on level 2 of the Elven Halls)
 33530 | Elf:2    | Received a gift from Okawaru
 33627 | Elf:2    | Noticed Azrael
 33646 | Elf:2    | Killed Azrael
 34084 | Elf:2    | Found a runed translucent gate.
 34085 | Elf:2    | Found a runed translucent gate.
 34085 | Elf:2    | Found a runed translucent gate.
 34120 | Elf:3    | Entered Level 3 of the Elven Halls
 34369 | Elf:3    | Found Ecetah's Magic Scroll Boutique.
 34465 | Elf:3    | Bought a scroll of acquirement for 832 gold pieces
 34465 | Elf:3    | Acquired 1094 gold pieces
 34810 | Elf:3    | Found a shimmering blue altar of Sif Muna.
 34901 | Elf:3    | Identified the +4 helmet of the Big Bang {Harm rC- Will++
                  | SInv} (Okawaru gifted it to you on level 3 of the Elven
                  | Halls)
 34901 | Elf:3    | Received a gift from Okawaru
 35136 | Elf:3    | Noticed a Hell Sentinel
 35164 | Elf:3    | Reached skill level 15 in Fighting
 35250 | Elf:3    | Gained mutation: Your touch may irresistibly damage your
                  | foes and sap their willpower. [demonic ancestry]
 35250 | Elf:3    | Reached XP level 19. HP: 155/155 MP: 33/33
 35593 | Elf:3    | Identified the ring "Jesed" {rCorr Str+4 Int-3 Dex+6 SInv}
 35818 | Elf:3    | Identified the +7 quarterstaff of the Hundredfold Knives
                  | {heavy, rElec Int+2 Dex-2}
 36299 | Elf:3    | Received a gift from Okawaru
 36352 | Elf:3    | Identified the +0 robe "Votaj" {Harm Str+2 Int-4 Dex+5}
 36825 | Vaults:1 | Reached skill level 15 in Armour
 36825 | Vaults:1 | Reached skill level 15 in Dodging
 37105 | Vaults:1 | Found Lips's Book Shop.
 37351 | Vaults:1 | Identified the +4 battleaxe of World's End {freeze, Will+}
                  | (Okawaru gifted it to you on level 1 of the Vaults)
 37351 | Vaults:1 | Received a gift from Okawaru
 38365 | Vaults:2 | Found a transporter.
 38378 | Vaults:2 | Found a transporter.
 38749 | Vaults:2 | Noticed Frederick
 38762 | Vaults:2 | Killed Frederick
 38762 | Vaults:2 | Received a gift from Okawaru
 39204 | Vaults:2 | Found Sothrup's Book Emporium.
 39234 | Vaults:2 | Gained mutation: You are completely covered in icy blue
                  | scales. (AC +4, rC+) [demonic ancestry]
 39234 | Vaults:2 | Reached XP level 20. HP: 139/166 MP: 28/34
 39778 | Vaults:2 | Received a gift from Okawaru
 40286 | Vaults:3 | Found Xudghausm's General Store.
 40303 | Vaults:3 | Identified the +0 chain mail of Vehumet, Jumping {Rampage}
 40825 | Vaults:3 | Received a gift from Okawaru
 41097 | Vaults:3 | Found a staircase to the Crypt.
 41131 | Vaults:3 | Got Sayluc's Opusculum on Anathema
 41888 | Vaults:4 | Identified the +2 plate armour of Danuleasch {Int+3}
                  | (Okawaru gifted it to you on level 4 of the Vaults)
 41888 | Vaults:4 | Received a gift from Okawaru
 41923 | Vaults:4 | Reached XP level 21. HP: 174/174 MP: 23/35
 42348 | Shoals:4 | Bought +1 gold dragon scales for 1566 gold pieces
 43814 | Vaults:5 | Entered Level 5 of the Vaults
 43814 | Vaults:5 | Noticed Xtahua
 43838 | Vaults:5 | Killed Xtahua
 43917 | Vaults:5 | Received a gift from Okawaru
 44044 | Vaults:5 | Noticed an ancient lich
 44060 | Vaults:5 | Noticed an ancient lich
 44063 | Vaults:5 | Killed an ancient lich
 44077 | Vaults:5 | Killed an ancient lich
 44258 | Vaults:5 | Received a gift from Okawaru
 44262 | Vaults:5 | Found Afos's Book Shoppe.
 44290 | Vaults:5 | Found Ilyedgh's Distillery.
 44294 | Vaults:5 | Found Woaroa's Antique Armour Boutique.
 44310 | Vaults:5 | Bought 2 potions of heal wounds for 130 gold pieces
 44310 | Vaults:5 | Bought a potion of resistance for 130 gold pieces
 44310 | Vaults:5 | Bought a potion of haste for 130 gold pieces
 44310 | Vaults:5 | Bought a potion of berserk rage for 65 gold pieces
 44310 | Vaults:5 | Bought a potion of berserk rage for 65 gold pieces
 44310 | Vaults:5 | Bought a potion of ambrosia for 104 gold pieces
 44310 | Vaults:5 | Bought 2 potions of cancellation for 208 gold pieces
 44310 | Vaults:5 | Bought a potion of cancellation for 104 gold pieces
 44310 | Vaults:5 | Bought a potion of curing for 39 gold pieces
 44310 | Vaults:5 | Bought a potion of curing for 39 gold pieces
 44334 | Vaults:5 | Reached XP level 22. HP: 161/181 MP: 16/36
 44467 | Vaults:5 | Received a gift from Okawaru
 44480 | Vaults:5 | Identified the +2 pair of boots "Hinn" {rElec rC+ MP+9}
                  | (Okawaru gifted it to you on level 5 of the Vaults)
 44480 | Vaults:5 | Received a gift from Okawaru
 44537 | Vaults:5 | Found Qisint's Assorted Antiques.
 44547 | Vaults:5 | Bought the +1 cloak of Starlight {*Dazzle EV+4 Stlth--} for
                  | 1250 gold pieces
 44547 | Vaults:5 | Found the +1 cloak of Starlight {*Dazzle EV+4 Stlth--}
 44554 | Vaults:5 | Got a silver rune of Zot
 44690 | Vaults:5 | Found Cuham's Antique Weapon Shoppe.
 44982 | Vaults:5 | Noticed a dread lich
 44990 | Vaults:5 | Killed a dread lich
 45027 | Vaults:5 | Noticed a golden dragon
 45036 | Vaults:5 | Killed a golden dragon
 45069 | Vaults:5 | Found Tevamn's Magic Scroll Shop.
 45073 | Vaults:5 | Bought a scroll of fog for 68 gold pieces
 45073 | Vaults:5 | Bought a scroll of fog for 68 gold pieces
 45073 | Vaults:5 | Bought a scroll of enchant weapon for 127 gold pieces
 45073 | Vaults:5 | Bought a scroll of teleportation for 51 gold pieces
 45073 | Vaults:5 | Bought a scroll of teleportation for 51 gold pieces
 45076 | Vaults:5 | Noticed an ancient lich
 45089 | Vaults:5 | Killed an ancient lich
 45176 | Vaults:5 | Found Peseru Xedut's Magic Scroll Shop.
 45181 | Vaults:5 | Bought 2 scrolls of enchant armour for 180 gold pieces
 45197 | Vaults:5 | Found Viliaw's Distillery.
 45202 | Vaults:5 | Bought a potion of heal wounds for 50 gold pieces
 45202 | Vaults:5 | Bought a potion of mutation for 80 gold pieces
 45202 | Vaults:5 | Bought a potion of resistance for 100 gold pieces
 45202 | Vaults:5 | Bought 2 potions of mutation for 160 gold pieces
 45504 | Depths:1 | Entered Level 1 of the Depths
 45593 | Depths:1 | Found a gateway to Hell.
 45962 | Depths:1 | Identified the scarf "Ixzomnyb" {rC+ rF+, Rampage Regen+
                  | Int-2} (Okawaru gifted it to you on level 1 of the Depths)
 45962 | Depths:1 | Received a gift from Okawaru
 46066 | Depths:1 | Found a one-way gate leading to the halls of Pandemonium.
 46170 | Depths:1 | Noticed Bai Suzhen
 46180 | Depths:1 | Killed Bai Suzhen
 46198 | Depths:1 | Found Yliohim's Distillery.
 46203 | Depths:1 | Bought a potion of might for 56 gold pieces
 46203 | Depths:1 | Bought a potion of heal wounds for 70 gold pieces
 46203 | Depths:1 | Bought 2 potions of resistance for 280 gold pieces
 46203 | Depths:1 | Bought a potion of heal wounds for 70 gold pieces
 46203 | Depths:1 | Bought a potion of ambrosia for 112 gold pieces
 46203 | Depths:1 | Bought a potion of invisibility for 112 gold pieces
 46213 | Depths:1 | Found Akepp's General Store.
 46820 | Depths:2 | Noticed a juggernaut
 46845 | Depths:2 | Killed a juggernaut
 46846 | Depths:2 | Paralysed by a floating eye for 3 turns
 46894 | Depths:2 | Gained mutation: You are robust. (+10% HP) [demonic
                  | ancestry]
 46894 | Depths:2 | Reached XP level 23. HP: 190/215 MP: 35/37
 46905 | Depths:2 | Identified the ring "Taoposk" {Ice +Blink rElec rPois
                  | Int-5}
 46905 | Depths:2 | Noticed Josephina
 46939 | Depths:2 | Killed Josephina
 47406 | Depths:2 | Identified the +0 buckler of Saoqil {rC++ Will- Int+8}
                  | (Okawaru gifted it to you on level 2 of the Depths)
 47406 | Depths:2 | Received a gift from Okawaru
 47434 | Depths:2 | Identified the +1 great sword of Slow Death {spect, Fly}
 47463 | Depths:2 | Identified the staff of fire "Koazeit" {rF+ Will+ MP+9}
 47632 | Depths:3 | Found a one-way gateway to a ziggurat.
 47724 | Depths:3 | Noticed Mara
 47725 | Depths:3 | Noticed the Enchantress
 47731 | Depths:3 | Noticed bakla's illusion
 47733 | Depths:3 | Killed Mara
 47735 | Depths:3 | Killed the Enchantress
 48013 | Depths:3 | Found Ipis's Jewellery Shoppe.
 48013 | Depths:3 | Found Biheos's Jewellery Emporium.
 48167 | Depths:3 | Found a corrupted altar of Lugonu.
 48218 | Depths:4 | Entered Level 4 of the Depths
 48490 | Depths:4 | Identified the +6 chain mail "Xirisask" {Fly Will+ Int+2}
 48594 | Depths:4 | Noticed a juggernaut
 48611 | Depths:4 | Killed a juggernaut
 48771 | Depths:4 | Found a gate to the Realm of Zot.
 49219 | Zot:1    | Entered Level 1 of the Realm of Zot
 49278 | Zot:1    | Identified the +2 kite shield of Tihoticw {rElec Will-
                  | Int+7} (Okawaru gifted it to you on level 1 of the Realm of
                  | Zot)
 49278 | Zot:1    | Received a gift from Okawaru
 49491 | Zot:3    | Found the +4 dragonskin cloak
 49491 | Zot:3    | Noticed Tiamat
 49511 | Arena    | Entered the Arena
 49530 | Arena    | Killed Tiamat
 49531 | Arena    | Gained mutation: You are very robust. (+20% HP) [demonic
                  | ancestry]
 49531 | Arena    | Reached XP level 24. HP: 217/246 MP: 23/37
 49678 | Zot:3    | Noticed a Killer Klown
 49696 | Zot:3    | Reached skill level 22 in Invocations
 49738 | Zot:3    | Killed a Killer Klown
 50100 | Zot:4    | Noticed a Killer Klown
 50111 | Zot:3    | Upgraded the game from 0.30-a0-1008-g30c9307041 to
                  | 0.30-a0-1016-gfb0d676c02
 50117 | Zot:4    | Received a gift from Okawaru
 50253 | Zot:4    | Identified the +2 great sword "Urac" {holy, rF+ Str+4}
 50271 | Zot:5    | Entered Level 5 of the Realm of Zot
 50570 | Zot:5    | Noticed a dread lich
 50571 | Arena    | Entered the Arena
 50580 | Arena    | Killed a dread lich
 50610 | Zot:5    | Noticed an orb of fire
 50617 | Zot:5    | Gained mutation: Your spells are a little easier to cast,
                  | but a little less powerful. [an orb of fire]
 50632 | Zot:5    | Noticed a Killer Klown
 50633 | Zot:5    | Killed an orb of fire
 50650 | Zot:5    | Killed a Killer Klown
 50650 | Zot:5    | Received a gift from Okawaru
 50659 | Zot:5    | Got the Orb of Zot
 50662 | Zot:5    | Noticed a Killer Klown
 50663 | Zot:5    | Noticed a Killer Klown
 50664 | Zot:5    | Noticed an orb of fire
 50677 | Zot:5    | Noticed a Killer Klown
 50679 | Zot:5    | Killed a Killer Klown
 50685 | Zot:5    | Killed an orb of fire
 50686 | Arena    | Entered the Arena
 50703 | Zot:5    | Noticed a Killer Klown
 50704 | Zot:5    | Killed a Killer Klown
 50705 | Zot:5    | Reached skill level 23 in Invocations
 50707 | Zot:5    | Noticed an orb of fire
 50713 | Zot:5    | Noticed a Killer Klown
 50716 | Zot:5    | Killed a Killer Klown
 50718 | Zot:5    | Noticed a Killer Klown
 50725 | Zot:5    | Killed an orb of fire
 50728 | Zot:5    | Noticed a Killer Klown
 50730 | Zot:5    | Killed a Killer Klown
 50741 | Zot:5    | Killed a Killer Klown
 50744 | Zot:5    | Gained mutation: You are extremely robust. (+30% HP)
                  | [demonic ancestry]
 50744 | Zot:5    | Reached XP level 25. HP: 249/279 MP: 26/38
 50745 | Zot:5    | Killed a Killer Klown
 50745 | Zot:5    | Identified the +0 chain mail of Music {rF++ rCorr Int+3
                  | Dex-2} (Okawaru gifted it to you on level 5 of the Realm of
                  | Zot)
 50745 | Zot:5    | Received a gift from Okawaru
 50747 | Zot:5    | Killed a Killer Klown
 50761 | Zot:5    | Noticed an orb of fire
 50761 | Zot:5    | Gained mutation: You sometimes lose your temper in combat.
                  | [an orb of fire]
 50767 | Zot:5    | Noticed Zonuypre the pandemonium lord
 50771 | Zot:5    | Gained mutation: You are vulnerable to cold. (rC-) [an orb
                  | of fire]
 50772 | Zot:5    | Gained mutation: You are weak. (Str -2) [an orb of fire]
 50782 | Zot:5    | Killed an orb of fire
 50801 | Zot:5    | Killed Zonuypre the pandemonium lord
 51113 | Depths:1 | Lost mutation: You sometimes lose your temper in combat.
                  | [potion of mutation]
 51113 | Depths:1 | Lost mutation: Your spells are a little easier to cast, but
                  | a little less powerful. [potion of mutation]
 51113 | Depths:1 | Gained mutation: You are clumsy. (Dex -2) [potion of
                  | mutation]
 51113 | Depths:1 | Gained mutation: You have sharp toenails. [potion of
                  | mutation]
 51507 | D:$      | Escaped with the Orb!

Illustrated notes

Levels and vault maps discovered:
D:1:      dpeg_arrival_subterranean_lakeside_camping, layout_basic,
          hellmonk_ecumenical_altar_blasted
D:2:      layout_basic, serial_shops, shop, uniq_terence, uniq_natasha
D:3:      layout_loops_ring, mainiacjoe_overflow_catwalk_spiral,
          lexackson_kobold_supper, uniq_grinder, uniq_robin, uniq_jessica
D:4:      layout_basic, zin_statuary, general_overflow_altar, serial_shops,
          nicolae_shop_hallway_plus, minmay_rat_hole, uniq_duvessa, uniq_sigmund
D:5:      layout_rooms, nicolae_ru_great_annihilating_truth, vehumet_statue,
          gammafunk_ghost_arena, minmay_misc_feat_tiny, minmay_misc_feat_square
D:6:      layout_cave_pools, tgw_trog, minmay_temple_entry_glass
D:7:      layout_loops_ring, mainiacjoe_overflow_tiny_flanked, nzn_random_ring,
          uniq_crazy_yiuf_cottage, uniq_maggie
D:8:      gammafunk_wand_slinger, layout_basic, gammafunk_temple_overflow_arena,
          enter_bailey_6, nrook_mini_backslash
D:9:      layout_gridville, orc_0_dummy, serial_shops, kennysheep_mini,
          minivault_19, dilly_guarded_unrand_throatcut, uniq_pikel, uniq_harold
D:10:     layout_cave_pools, nicolae_overflow_hidden_temple,
          mainiacjoe_overflow_surrounded_room,
          mainiacjoe_overflow_large_starburst, nicolae_trove_entry_crossroad
D:11:     layout_irregular_city, erik_lair_orcish_takeover, uniq_snorg
D:12:     layout_cave_pools, serial_shops, nicolae_shop_hallway_stairs,
          ebering_ghost_funeral_grove, hangedman_decor_peaks_small,
          evilmike_minifort, uniq_maurice, uniq_nergalle, uniq_urug
D:13:     layout_irregular_city, grunt_vaults_entry_fortified, serial_shops,
          shop, nicolae_inconvenience_store, nicolae_shop_behind_doors, shop,
          shop
D:14:     layout_irregular_city, grunt_gozag_breadcrumbs, minmay_microvault,
          uniq_agnes
D:15:     grunt_enter_depths_magical_seal, layout_cave_pods,
          serial_park_tiny_pond, hex_large
Temple:   corrupted_temple
Lair:1:   layout_misc_corridors, grunt_forest_small_clearing_treed,
          infiniplex_staircase_pool_2, serial_bayou_shore_a, grunt_megastairs_2
Lair:2:   gammafunk_indiana_jones, layout_gridlike, elwin_shoals_entry_stream,
          infiniplex_staircase_pool
Lair:3:   layout_cave_pods, nicolae_snake_entry_warm_welcome
Lair:4:   statuecave_lemuel, layout_regular_city, dpeg_slime_entry_corner,
          lemuel_fruit_fields
Lair:5:   due_jungle_book, layout_layer_cave, nicolae_volcano_entry_lava_flow,
          portal_ice_cave_rime
Shoals:1: layout_shoals, serial_shops, nicolae_shop_stone,
          nicolae_shop_statue_plus, nicolae_shop_advertising_works
          [nicolae_subvault_shop_adworks], nicolae_diamond_shop, shop
Shoals:2: layout_shoals, nicolae_shoals_dead_sea_scrolls
Shoals:3: layout_shoals, nicolae_shoals_spectral_cove
Shoals:4: shoals_end_simple, layout_shoals, nicolae_shop_dragon_depot
Snake:1:  layout_rooms, gammafunk_ghost_abyssal_escape,
          nicolae_snake_salamander_zone, grunt_megastairs_3
Snake:2:  layout_layer_cave
Snake:3:  layout_chambers, uniq_aizul
Snake:4:  snake_pit, layout_misc_corridors, corexii_hall_statues_u
Orc:1:    layout_caves
Orc:2:    grunt_orc_cross, layout_diamond_mine, serial_shops,
          nicolae_shop_hallway_plus, uniq_jorgrun
Elf:1:    nicolae_elf_arrival_aired_out, layout_onion_city,
          hangedman_elven_crosses_minicolossus
Elf:2:    nicolae_elf_blades_crystal_corner, layout_loops_corners, minivault_24,
          uniq_azrael
Elf:3:    minmay_elf_hall_four_x, layout_geoelf_castle, serial_shops,
          nicolae_shop_crystal, basic_altar
Vaults:1: hangedman_vaults_cutoff, vaults_standard_mumra_enter_the_diamond,
          nicolae_vaults_network_star, v_rooms_1,
          ontoclasm_vaults_loading_screen, v_misc_9,
          nicolae_vaults_ring_of_whatevers, nicolae_vaults_bisected_exclaves,
          nicolae_vaults_angled_halls, v_misc_17, v_misc_19,
          ontoclasm_vaults_ring_small, nicolae_vaults_little_squares_2,
          layout_vaults_maze, serial_shops, shop
Vaults:2: gammafunk_sealed_arena, nicolae_vaults_triangles,
          hangedman_vaults_variations, nicolae_vaults_little_ls,
          hangedman_vaults_stretched_pinwheel,
          vaults_room_grunt_arrival_checkpoint, vaults_dpeg_diagonal,
          hangedman_vaults_cutoff, v_misc_27, nicolae_vaults_yaktaur_gun_rack,
          layout_vaults_ring, serial_shops, nicolae_shop_hallway_stairs,
          uniq_frederick
Vaults:3: hangedman_vaults_nodes, v_pattern_5, nicolae_vaults_what_the_h,
          nicolae_vaults_ring_of_whatevers, ontoclasm_vaults_bender,
          minmay_crypt_entry_simple_box, ontoclasm_vaults_chip,
          nicolae_vaults_little_squares_6, nicolae_vaults_rhombus_5,
          nicolae_vaults_gold_heap, layout_vaults_quadrants, serial_shops,
          nicolae_shop_statue_plus
Vaults:4: vaults_room_semicircle, nicolae_vaults_rhombus_6,
          hangedman_vaults_impose, ontoclasm_vaults_hangar,
          ontoclasm_vaults_misaligned, ontoclasm_vaults_spin, v_rooms_2,
          v_misc_33, ontoclasm_vaults_loading_screen, ontoclasm_vaults_hangar,
          ontoclasm_vaults_twist, v_alt_pattern_2,
          vaults_room_hangedman_quadrants, v_pattern_4, v_alt_pattern_2,
          ontoclasm_vaults_idyll, layout_vaults_omnicross
Vaults:5: uniq_margery, uniq_xtahua
Depths:1: layout_big_octagon, grunt_hell_entry_demonic_statue,
          grunt_pan_entry_zigzag, serial_shops, shop_statue,
          kennysheep_minor_cross, kennysheep_windowed_goal, uniq_bai_suzhen
Depths:2: nzn_winding_woodlands_large [nzn_winding_woodlands_5x5_three,
          nzn_winding_woodlands_5x15_parted, nzn_winding_woodlands_5x5_cross,
          nzn_winding_woodlands_center_pierced_h,
          nzn_winding_woodlands_15x15_thick_spiral,
          nzn_winding_woodlands_center_triple_pond,
          nzn_winding_woodlands_5x5_checkerboard,
          nzn_winding_woodlands_5x15_zeroes,
          nzn_winding_woodlands_5x5_closed_star], layout_twisted_cross,
          rand_demon_pan_entry_1, hell_entry, good_gods_temple_1,
          minmay_the_grid_square_5x5_3x3_mashed
          [minmay_the_grid_square_5x5_comb,
          minmay_the_grid_square_5x5_checkered_statues,
          minmay_the_grid_square_5x5_gyroscope,
          minmay_the_grid_square_5x5_intrusive_squares,
          minmay_the_grid_square_5x5_megaprize_checkered,
          minmay_the_grid_square_5x5_half_checkered,
          minmay_the_grid_square_5x5_inner_v, minmay_the_grid_square_5x5_empty,
          minmay_the_grid_square_5x5_doubleslash], minmay_staircase_bubble,
          uniq_josephina
Depths:3: minmay_skeletal_surprise, layout_cave_shapes, enter_ziggurat_e,
          grunt_decor_clamped, hell_entry, abyss_entry_flame_altar,
          minmay_shoptagon, uniq_enchantress, uniq_mara
Depths:4: grunt_zot_entry_gee_three, layout_gridlike, pan_entry,
          abyss_entry_small_statue_room, hell_entry
Zot:1:    gammafunk_sealed_library, layout_cellular_growth,
          guppyfry_library_mini
Zot:2:    layout_misc_corridors, grunt_megastairs_4
Zot:3:    lemuel_acid_trip, layout_cathedral_of_symmetry,
          st_small_dragon_hoard_4, uniq_tiamat
Zot:4:    circus_mu, layout_gridlike, nicolae_rock_paper_scissors
Zot:5:    layout_gridlike, st_stairs_5

Skill      XL: |  1  2  3  4  5  6  7  8  9 10 11 12 13 14 15 16 17 18 19 20 21 22 23 24 |
---------------+-------------------------------------------------------------------------+-----
Polearms       | 3 4 |  4.7
Dodging        | 3 4 5 7 9 10 11 13 14 15 16 17 18 20 21 | 21.5
Armour         | 1 2 3 5 6 7 8 9 10 11 13 14 15 16 17 18 20 21 | 21.5
Fighting       | 3 4 5 7 8 9 10 11 13 15 16 17 18 20 21 | 21.8
Axes           | 1 2 4 5 6 8 9 13 15 16 17 | 17.7
Invocations    | 2 5 8 10 14 19 20 21 23 | 23.0
Throwing       | |  1.7

Action                     |  1- 3 |  4- 6 |  7- 9 | 10-12 | 13-15 | 16-18 | 19-21 | 22-24 | 25-27 || total
---------------------------+-------+-------+-------+-------+-------+-------+-------+-------+-------++-------
  Melee: Trident           |   119 |    15 |       |       |       |       |       |       |       ||   134
         Punch             |     2 |     1 |     2 |     3 |    17 |    22 |    39 |    48 |     6 ||   140
         War axe           |       |    78 |   233 |   468 |  1056 |  1439 |   756 |       |       ||  4030
         Touch             |       |     4 |    35 |    81 |   247 |   292 |   353 |   329 |    30 ||  1371
         Great mace        |       |       |       |       |    41 |       |       |       |       ||    41
         Broad axe         |       |       |       |       |       |       |   526 |  1340 |   133 ||  1999
  Throw: Throwing net      |       |     1 |       |     1 |       |       |     1 |     2 |       ||     5
         Javelin           |       |     1 |       |     1 |     3 |     4 |       |       |       ||     9
         Dart              |       |     3 |       |     1 |     5 |       |       |       |       ||     9
 Invoke: Heroism           |       |       |       |       |     6 |     7 |     2 |    15 |     1 ||    31
         Finesse           |       |       |       |       |     2 |     2 |     2 |     8 |       ||    14
         Duel              |       |       |       |       |       |       |       |     3 |       ||     3
  Evoke: Wand              |       |       |     2 |     8 |     4 |     2 |       |     1 |       ||    17
         Condenser vane    |       |       |       |       |     1 |     2 |     3 |     4 |       ||    10
    Use: Scroll            |     1 |     5 |     3 |    10 |    12 |    12 |    12 |     7 |       ||    62
         Potion            |     1 |     3 |     2 |     2 |     7 |    14 |       |    10 |     2 ||    41
   Stab: Paralysed         |       |       |     4 |       |     4 |       |       |       |       ||     8
         Held in net/web   |       |       |       |     1 |       |       |     2 |     9 |       ||    12
         Confused          |       |       |       |       |     1 |       |     9 |       |       ||    10
         Distracted        |       |       |       |       |       |       |     1 |       |       ||     1
         Invisible         |       |       |       |       |       |       |       |    10 |       ||    10
 Armour: Leather armour    |    30 |    12 |    41 |       |       |       |       |       |       ||    83
         Swamp dragon scal |       |       |    12 |    13 |       |       |       |       |       ||    25
         Plate armour      |       |       |       |   207 |   422 |   481 |   214 |       |       ||  1324
         Gold dragon scale |       |       |       |       |       |       |    97 |   596 |    67 ||   760
  Dodge: Dodged            |    63 |    38 |   105 |   180 |   407 |   760 |   839 |  1079 |    71 ||  3542
         Repelled          |       |       |       |       |       |    16 |    10 |     1 |       ||    27
  Block: Other             |     6 |    11 |    44 |    94 |    34 |       |       |       |       ||   189
         Reflection        |     1 |       |     4 |    17 |       |       |       |       |       ||    22

Table legend: (Time is in decaauts)
 A = Elapsed time spent in this place.
 B = Non-inter-level travel time spent in this place.
 C = Inter-level travel time spent in this place.
 D = Time resting spent in this place.
 E = Time spent auto-exploring this place.
 F = Levels seen in this place.
 G = Mean time per level.
                   A        B        C        D        E       F      G
               +--------+--------+--------+--------+--------+-----+--------+
         Total |  49336 |  44591 |   4745 |   5790 |  28935 |  54 |  913.6 |
       Dungeon |  15385 |  13461 |   1924 |   1651 |   9103 |  15 | 1025.7 |
        Temple |     52 |     36 |     16 |      0 |     27 |   1 |   52.0 |
          Lair |   6282 |   5721 |    561 |    498 |   4303 |   5 | 1256.4 |
        Shoals |   4195 |   3604 |    591 |    297 |   2470 |   4 | 1048.8 |
     Snake Pit |   4163 |   3926 |    237 |    207 |   2946 |   4 | 1040.8 |
  Orcish Mines |   1250 |   1100 |    150 |      0 |    912 |   2 |  625.0 |
   Elven Halls |   4021 |   3757 |    264 |    723 |   2278 |   3 | 1340.3 |
        Vaults |   7329 |   6649 |    680 |    726 |   4500 |   5 | 1465.8 |
        Depths |   3600 |   3373 |    227 |    370 |   2148 |   4 |  900.0 |
           Zot |   1456 |   1363 |     93 |    413 |    186 |   5 |  291.2 |
        Bailey |    211 |    211 |      0 |     16 |     60 |   1 |  211.0 |
      Ice Cave |    994 |    994 |      0 |    756 |      0 |   1 |  994.0 |
       Volcano |    331 |    331 |      0 |    133 |      0 |   1 |  331.0 |
         Arena |     63 |     63 |      0 |      0 |      0 |   3 |   21.0 |
               +--------+--------+--------+--------+--------+-----+--------+

Top non-repeatable levels by time:
   Elf:3: 2210 daAuts
Vaults:3: 1774 daAuts
Vaults:2: 1691 daAuts
  Lair:5: 1672 daAuts
Vaults:4: 1404 daAuts
  Lair:2: 1387 daAuts
     D:7: 1325 daAuts
Vaults:5: 1310 daAuts
Shoals:4: 1295 daAuts
     D:3: 1273 daAuts
  Lair:3: 1256 daAuts
 Snake:2: 1246 daAuts
    D:11: 1245 daAuts
 Snake:3: 1194 daAuts
     D:2: 1177 daAuts
